 Dungeon Crawl Stone Soup version 0.30.0-29-ga12c61a403 (webtiles) character file.

Game seed: 13289948358376939647

34 belegose the Vexing (level 3, 0/17 HPs)
             Began as a Vine Stalker Hexslinger on June 10, 2023.
             Succumbed to an adder's poison
             ... on level 2 of the Dungeon.
             The game lasted 00:02:23 (554 turns).

belegose the Vexing (Vine Stalker Hexslinger)        Turns: 554, Time: 00:02:23

Health: 0/17       AC:  3    Str: 11 (12) XL:     3   Next: 31%
Magic:  0/6        EV: 12    Int: 13 (15) God:
Gold:   51         SH:  0    Dex: 13 (14) Spells: 4/5 levels left

rFire   . . .        a - +1 sling
rCold   . . .        (no shield)
rNeg    . . .        c - +0 robe
rPois   .            (no helmet)
rElec   .            (no cloak)
rCorr   .            (no gloves)
SInv    .            (no boots)
Will    .....        (no amulet)
Stlth   ++           (no ring)
HPRegen 0.22/turn    (no ring)
MPRegen 0.10/turn

%: random rage (3%), guardian spirit
@: mighty, lethally poisoned (0 -> -1), hasted, very quick
A: fangs 2, magic shield, antimagic bite, no potion heal 2, berserk 1, shaggy
fur 1, evolution 1
a: no special abilities


You were on level 2 of the Dungeon.
You visited 1 branch of the dungeon, and saw 2 of its levels.

You collected 51 gold pieces.

Inventory:

Hand Weapons
 a - a +1 sling (weapon)
Missiles
 e - a throwing net
Armour
 c - a +0 robe (worn)
Scrolls
 b - a scroll of poison
 f - a scroll of immolation {unknown}
 g - a scroll of identify {unknown}
Potions
 h - a potion of degeneration


   Skills:
 - Level 0.8 Fighting
 + Level 2.2 Ranged Weapons
 - Level 1.5 Dodging
 + Level 1.6 Stealth
 + Level 1.7 Spellcasting
 + Level 3.4 Hexes


You had 4 spell levels left.
You knew the following spells:

 Your Spells              Type           Power      Damage    Failure   Level
a - Slow                  Hex            40%        N/A       6%          1

Your spell library contained the following spells:

 Spells                   Type           Power      Damage    Failure   Level
 Inner Flame              Hex/Fire       5%         N/A       36%         3
 Portal Projectile        Hex/Tloc       10%        N/A       36%         3
 Cause Fear               Hex            5%         N/A       54%         4


Dungeon Overview and Level Annotations

Branches:
Dungeon (1/15)

Altars:


Innate Abilities, Weirdness & Mutations

You have extremely sharp teeth.
When hurt, damage is shared between your health and your magic reserves.
Your bite disrupts and absorbs the magic of your enemies.
Potions cannot restore your health.
You sometimes lose your temper in combat.
You are covered in fur. (AC +1)
You have hidden genetic potential.


Message History

The adder is moderately wounded.
The adder bites you.
You shoot a sling bullet.
The sling bullet closely misses the adder.
The adder bites you. The adder bites you but does no damage.
You shoot a sling bullet. The sling bullet misses the adder.
The adder bites you. x2
You are poisoned.
The adder poisons you!
You shoot a sling bullet.
The sling bullet barely misses the adder.
You feel sick. The adder bites you.
You are too injured to fight recklessly!
It was a potion of mutation.
You feel extremely strange.
You feel a little pissed off.
You feel insulated.
You feel yourself wasting away. A pair of horns grows on your head!
You feel sick. The adder barely misses you. The adder bites you.
* * * LOW HITPOINT WARNING * * *
Your body deteriorates!
You feel dopey.
It was a potion of degeneration.
There was something very wrong with that liquid.
You feel weakened.
You feel dopey.
You feel clumsy.
* * * LOW HITPOINT WARNING * * *
You feel sick. The adder bites you.
* * * LOW HITPOINT WARNING * * *
It was a potion of might.
You feel very mighty all of a sudden.
* * * LOW HITPOINT WARNING * * *
You feel sick. The adder barely misses you.
It was a potion of haste.
You feel yourself speed up.
* * * LOW HITPOINT WARNING * * *
You feel sick. The adder barely misses you. The adder bites you.
You are too injured to fight recklessly!
You are too injured to fight recklessly!
Really quaff the potion of mutation?
You feel extremely strange. The horns on your head shrink away.
You feel conductive.
You feel healthier. Fur sprouts all over your body.
You feel a hidden potential growing inside you.
You die...

.# .# ##. ## ...
.# ######.#
.##### #.#....#
.....
##......##S.#
#........@..#
#......####.#
#.†.........#####
#.......#.......#
#....#..#.#####.#
#....##.#)# #
##.#....#.###.#.#
#.#.)#.#.......#
#.#..###..##.....


You could see an adder.

Vanquished Creatures
  A dart slug (D:1)
  2 ball pythons (D:1)
  3 endoplasms
  A hobgoblin (D:1)
  5 jackals
  3 kobolds (D:1)
  2 bats (D:1)
  2 frilled lizards
  4 goblins
  6 rats
29 creatures vanquished.

Notes
Turn   | Place    | Note
-------+----------+-------------------------------------------
     0 | D:1      | belegose the Vine Stalker Hexslinger began the quest for
                  | the Orb.
     0 | D:1      | Reached XP level 1. HP: 9/9 MP: 3/3
    84 | D:1      | Reached XP level 2. HP: 7/14 MP: 3/5
   160 | D:1      | Reached skill level 1 in Stealth
   373 | D:1      | Reached XP level 3. HP: 16/17 MP: 6/6
   418 | D:1      | You fall into a shaft and drop 1 floor!
   550 | D:2      | Gained mutation: You sometimes lose your temper in combat.
                  | [potion of mutation]
   550 | D:2      | Gained mutation: You are resistant to electric shocks.
                  | (rElec) [potion of mutation]
   550 | D:2      | Gained mutation: Your body sometimes deteriorates upon
                  | taking damage. [potion of mutation]
   550 | D:2      | Gained mutation: You have a pair of small horns on your
                  | head. [potion of mutation]
   554 | D:2      | Lost mutation: You have a pair of small horns on your head.
                  | [potion of mutation]
   554 | D:2      | Lost mutation: You are resistant to electric shocks.
                  | (rElec) [potion of mutation]
   554 | D:2      | Lost mutation: Your body sometimes deteriorates upon taking
                  | damage. [potion of mutation]
   554 | D:2      | Gained mutation: You are covered in fur. (AC +1) [potion of
                  | mutation]
   554 | D:2      | Gained mutation: You have hidden genetic potential. [potion
                  | of mutation]
   554 | D:2      | Succumbed to an adder's poison

Illustrated notes

Levels and vault maps discovered:
D:1:      elethiomel_arrival_diamonds, layout_basic,
          shapermc_ecumenical_altar_mp_urbaneastern
D:2:      layout_basic, kennysheep_generic_room_2

Skill      XL: |  1  2 |
---------------+-------+-----
Ranged Weapons | 2 |  2.2
Stealth        | 1 |  1.6
Fighting       | |  0.8
Dodging        | |  1.5
Spellcasting   | |  1.7
Hexes          | |  3.4

Action                     || total
---------------------------++-------
   Fire: Sling             ||    90
    Use: Potion            ||     5
 Armour: Robe              ||    24
  Dodge: Dodged            ||    48
